 Dungeon Crawl Stone Soup version 0.23-a0-650-ga4d50d4 (console) character file.

8 Duffy the Firebug (level 2, 19/19 HPs)
             Began as a Demonspawn Fire Elementalist on Jan 6, 2019.
             Quit the game on level 1 of the Dungeon.
             The game lasted 00:00:44 (1023 turns).

Duffy the Firebug (Demonspawn Fire Elementalist)    Turns: 1023, Time: 00:00:44

Health: 19/19      AC:  2    Str:  8    XL:     2   Next: 0%
Magic:  0/5        EV: 12    Int: 16    God:
Gold:   26         SH:  0    Dex: 13    Spells: 4/5 levels left

rFire    . . .     SeeInvis .   c - 2 rations
rCold    . . .     Gourm    .   (no shield)
rNeg     . . .     Faith    .   a - +0 robe
rPois    +         Spirit   .   (no helmet)
rElec    .         Reflect  .   (no cloak)
rCorr    .         Harm     .   (no gloves)
MR       .....                  (no boots)
Stlth    ++........             (no amulet)
HPRegen  0.06/turn              f - ring of poison resistance
MPRegen  0.09/turn              (no ring)

@: very slightly contaminated
A: rot immunity
a: no special abilities


You were on level 1 of the Dungeon.
You were hungry.

You visited 1 branch of the dungeon, and saw 1 of its levels.

You collected 26 gold pieces.

Inventory:

Armour
 a - a +0 robe (worn)
Jewellery
 f - a ring of poison resistance (left hand)
Scrolls
 b - a scroll of teleportation {unknown}
 d - a scroll of immolation {unknown}
 e - 2 scrolls of noise {unknown}
 h - a scroll of fear {unknown}
 i - a scroll of enchant weapon {unknown}
Potions
 g - a potion of cancellation {unknown}
Comestibles
 c - 2 rations (in hand)


   Skills:
 - Level 1.7 Dodging
 - Level 1.7 Stealth
 + Level 2.2 Spellcasting
 + Level 1.4 Conjurations
 + Level 2.8 Fire Magic


You had 4 spell levels left.
You knew the following spells:

 Your Spells              Type           Power        Failure   Level  Hunger
h - Flame Tongue          Conj/Fire      #....        9%          1    #......

Your spell library contained the following spells:

 Spells                   Type           Power        Failure   Level  Hunger
 Throw Flame              Conj/Fire      #.....       13%         2    ###....
 Conjure Flame            Conj/Fire      #.......     26%         3    ###....
 Inner Flame              Hex/Fire       #.......     34%         3    ###....
 Sticky Flame             Conj/Fire      #.......     63%         4    #####..
 Fireball                 Conj/Fire      #.........   93%         5    ######.


Dungeon Overview and Level Annotations

Branches:
Dungeon (1/15)

Altars:

Annotations:
D:1 1 runed door


Innate Abilities, Weirdness & Mutations

You are immune to rotting.


Message History

You are feeling hungry.
Casting: Flame Tongue (safe; 9% risk of failure)
Confirm with . or Enter, or press ? or * to list all spells.
Aiming: Flame Tongue (safe; 9% risk of failure)
Press: ? - help, Shift-Dir - straight line, f/p - leopard gecko
Aim: a leopard gecko (clinging, resting)
The flame tongue hits the leopard gecko.
The leopard gecko is heavily wounded.
The leopard gecko hisses angrily.
Casting: Flame Tongue (safe; 9% risk of failure)
Confirm with . or Enter, or press ? or * to list all spells.
Aiming: Flame Tongue (safe; 9% risk of failure)
Press: ? - help, Shift-Dir - straight line, f/p - leopard gecko
Aim: a leopard gecko (heavily wounded, clinging)
The flame tongue hits the leopard gecko.
You kill the leopard gecko!
You have reached level 2!
Your demonic ancestry asserts itself...
You feel immune to rotting.
Are you sure you want to abandon this character and quit the game? (Confirm

###...(...........#
#.#
###...............#
#.#
.##.#######.......#
#.# .##.# #.......#
#.# ..#.#
#.......###########.##
..#.#
########.............#
....# #.#############
.#..# ########.# .#..#
$.....%@.# .#.>#
.........# .####
.........# .#
########.# .#
########### #.# .#
#.........# #.#
>####.........# #.#
..............# #.#
.####.........#
#.#####


There were no monsters in sight!

Vanquished Creatures
  A leopard gecko (D:1)
  2 bats (D:1)
  A goblin (D:1)
  A kobold (D:1)
  2 rats (D:1)
7 creatures vanquished.

Notes
Turn   | Place    | Note
-------+----------+-------------------------------------------
     0 | D:1      | Duffy the Demonspawn Fire Elementalist began the quest for
                  | the Orb.
     0 | D:1      | Reached XP level 1. HP: 13/13 MP: 3/3
     1 | D:1      | Found a runed door.
  1022 | D:1      | Gained mutation: You are immune to rotting. [demonic
                  | ancestry]
  1022 | D:1      | Reached XP level 2. HP: 19/19 MP: 0/5
  1023 | D:1      | Quit the game

Vault maps used:
D:1:      dpeg_arrival_caged_fury, minmay_tetromino_i2

Action                   || total
-------------------------++-------
 Cast: Flame Tongue      ||    18
Armor: Robe              ||    22
Dodge: Dodged            ||    53

Table legend:
 A = Non-vault XP
 B = Vault XP
 C = Vault XP percentage of total XP
 D = Non-vault monster count
 E = Vault monster count
 F = Vault count percentage of total count
                 A         B        C        D         E       F
            +---------+---------+-------+---------+---------+-------
      Total |      10 |       2 |  16.7 |       6 |       1 |  14.3
            +---------+---------+-------+---------+---------+-------
        D:1 |      10 |       2 |  16.7 |       6 |       1 |  14.3
            +---------+---------+-------+---------+---------+-------
